 Dungeon Crawl Stone Soup version 0.30-b1-2-g02819fbbbe (webtiles) character file.

Game seed: 665615093261036805

163 Stormleaks the Sneak (level 5, -3/34 (35) HPs)
             Began as an Octopode Brigand on Jan 5, 2024.
             Slain by a gnoll
             ... wielding a +1 whip of draining
             ... led by a gnoll bouda
              (7 damage)
             ... on level 4 of the Dungeon.
             The game lasted 00:11:38 (1745 turns).

Stormleaks the Sneak (Octopode Brigand)             Turns: 1745, Time: 00:11:39

HP:   -3/34 (35)    AC:  1    Str: 10    XL:     5   Next: 44%
MP:   5/5           EV: 18    Int: 13    God:
Gold: 198           SH:  0    Dex: 16    Spells: 4/4 levels left

rFire   . . .        h - +1 short sword (vamp)
rCold   . . .        (no shield)
rNeg    . . .        (helmet restricted)
rPois   .            (no amulet)
rElec   .            m - +5 ring of evasion
rCorr   .            (no ring)
SInv    .            (no ring)
Will    .....        (no ring)
Stlth   +++++        (no ring)
HPRegen 0.25/turn    (no ring)
MPRegen 0.09/turn    (no ring)
                     (no ring)

%: no passive effects
@: hasted, lightly drained, very quick
A: almost no armour, amphibious, 8 rings, camouflage 1, gelatinous body 1,
(nimble swimmer 1), tentacles
a: no special abilities


You were on level 4 of the Dungeon.
You visited 1 branch of the dungeon, and saw 4 of its levels.

You collected 198 gold pieces.

Inventory:

Hand Weapons
 a - a +2 dagger
 h - a +1 vampiric short sword (weapon)
Missiles
 b - 10 poisoned darts (quivered)
 c - 3 curare-tipped darts
 n - 4 datura-tipped darts
Jewellery
 m - a +5 ring of evasion (left tentacle)
Scrolls
 d - a scroll of identify {unknown}
 e - a scroll of butterflies {unknown}
 i - a scroll of blinking {unknown}
 j - a scroll of magic mapping {unknown}
 l - a scroll of noise {unknown}
 o - a scroll of teleportation {unknown}
Potions
 f - a potion of haste
 g - 2 potions of curing
 k - 2 potions of heal wounds


   Skills:
 + Level 2.4 Fighting
 + Level 3.2 Short Blades
 + Level 2.0 Throwing
 + Level 1.3 Dodging
 + Level 7.8 Stealth


You had 4 spell levels left.
You didn't know any spells.
Your spell library contained the following spells:

 Spells                   Type           Power      Damage    Failure   Level
 Necrotise                Necr           0%         1d4       30%         1
 Dazzling Flash           Conj/Hex       0%         N/A       67%         3
 Vampiric Draining        Necr           0%         2d6       67%         3
 Agony                    Necr           0%         N/A       100%        5
 Silence                  Hex/Air        0%         N/A       100%        5


Dungeon Overview and Level Annotations

Branches:
Dungeon (4/15)
 Temple: D:4-7

Altars:

Shops:
D:4 :

Annotations:
D:2 Sigmund
D:4 3 runed translucent doors


Innate Abilities, Weirdness & Mutations

You cannot wear most types of armour.
You are amphibious.
You can wear up to eight rings at the same time.
Your skin changes colour to match your surroundings (Stealth+).
Your rubbery body absorbs attacks. (AC +1, EV +1)
((You are camouflaged when in or above water. (Stealth+)))
You have tentacles for arms and can constrict up to eight enemies at once.


Message History

The gnoll is severely wounded.
You constrict the gnoll, but do no damage.
The gnoll hits you with a +0 flail!
You hit the gnoll.
You feel better.
You squeeze the gnoll.
You kill the gnoll!
The gnoll misses you.
The gnoll hits you with a +1 whip of draining.
You feel drained. The gnoll closely misses you.
Your attacks no longer feel as feeble.
The gnoll hits you with a +0 flail!
You feel yourself speed up. The gnoll barely misses you.
The gnoll hits you with a +0 flail!
* * * LOW HITPOINT WARNING * * *
The gnoll misses you. The gnoll attacks as you move away!
The gnoll closely misses you. The gnoll attacks as you move away!
The gnoll misses you.
The gnoll is no longer moving quickly.
The gnoll is no longer moving quickly.
You feel better.
The gnoll bouda barks out a call to the hunt!
The gnolls pick up the pace!
The gnoll misses you. The gnoll closely misses you.
You hit the gnoll.
You feel better.
You grab the gnoll. You squeeze the gnoll.
The gnoll is moderately wounded.
You constrict the gnoll, but do no damage.
The gnoll hits you with a +0 flail.
* * * LOW HITPOINT WARNING * * *
You release your grip on the gnoll.
The gnoll attacks as you move away! The gnoll closely misses you.
The gnoll bouda calls upon its god to heal the gnoll.
The gnoll's wounds heal themselves!
You hit the gnoll. You grab the gnoll.
The gnoll is heavily wounded.
You constrict the gnoll.
The gnoll is no longer moving quickly.
The gnoll barely misses you.
The gnoll hits you from afar with a +0 halberd.
* * * LOW HITPOINT WARNING * * *
You release your grip on the gnoll.
The gnoll hits you with a +1 whip of draining!
You die...

#.#..~..#......)..###.....#......
#...~~≈.....#.#....##...........#
###..~..#..####.g................
##...##.## #.............~....
##.##..# ##...........~⌠~....
#....## #..g.........~~.....
##### #.g..##....#........
###..gg.#...##........
###....@......#.....#...
#............###....#.##
###...........####....##
####.................####
#..................#)..#.
#>.......................
##..####.......#......... #.##
##......#.##...... ###
#...[.^####......#


You could see a gnoll bouda and 4 gnolls.

Vanquished Creatures
  A jelly (D:4)
  An iguana (D:4)
  2 adders (D:3)
  A gnoll (D:4)
  An ufetubus (D:4)
  A worm (D:3)
  A dart slug (D:2)
  5 orcs
  3 ball pythons (D:1)
  4 bats
  5 endoplasms
  2 giant cockroaches
  6 hobgoblins
  A quokka (D:2)
  5 frilled lizards
  5 goblins
  7 kobolds
  4 rats
55 creatures vanquished.

Notes
Turn   | Place    | Note
-------+----------+-------------------------------------------
     0 | D:1      | Stormleaks the Octopode Brigand began the quest for the
                  | Orb.
     0 | D:1      | Reached XP level 1. HP: 14/14 MP: 1/1
   249 | D:1      | Reached XP level 2. HP: 16/19 MP: 2/2
   320 | D:1      | Found a faded altar of an unknown god.
   349 | D:1      | Reached skill level 6 in Stealth
   699 | D:2      | Noticed Sigmund
   780 | D:2      | Reached XP level 3. HP: 21/24 MP: 3/3
  1146 | D:3      | Reached XP level 4. HP: 29/29 MP: 4/4
  1408 | D:3      | Reached skill level 7 in Stealth
  1466 | D:4      | Found Gagyeck's Book Shop.
  1487 | D:4      | Found a runed translucent gate.
  1487 | D:4      | Found a runed translucent gate.
  1487 | D:4      | Found a runed translucent gate.
  1578 | D:4      | Reached XP level 5. HP: 18/34 MP: 5/5
  1745 | D:4      | Slain by a gnoll

Illustrated notes

Levels and vault maps discovered:
D:1:      elethiomel_arrival_maze, layout_basic, ebering_ecumenical_altar_box
D:2:      layout_rooms, uniq_sigmund, uniq_crazy_yiuf_cottage
D:3:      layout_basic
D:4:      layout_cave_pools, gammafunk_ghost_icy, serial_shops,
          nicolae_shop_behind_doors, shop, small_statue_intersection,
          corexii_leaking_fountain, amcnicky_mini_pool_small,
          hangedman_decor_clover_reticule, hangedman_decor_slide_cut,
          reono_crystal_passage

Skill      XL: |  1  2  3  4 |
---------------+-------------+-----
Stealth        | 6 7 |  7.8
Short Blades   | 3 |  3.2
Fighting       | |  2.4
Throwing       | |  2.0
Dodging        | |  1.3

Action                     |  1- 3 |  4- 6 || total
---------------------------+-------+-------++-------
  Melee: Dagger            |    46 |       ||    46
         Tentacles         |    13 |    15 ||    28
         Constrict         |    12 |     8 ||    20
         Short sword       |    20 |    46 ||    66
  Throw: Dart              |       |     1 ||     1
    Use: Potion            |       |     7 ||     7
   Stab: Sleeping          |    19 |     4 ||    23
 Armour: Skin              |     5 |     1 ||     6
  Dodge: Dodged            |    26 |    40 ||    66
